[ AOE2 MATCH · #513759508 ]
UnrankedLithuanians vs Khitans
Rival team · WIN
[ REPLAY ANALYSIS · EXTRACTED FROM THE RECORDED GAME ]
Feudal
9:00
Castle
21:47
Imperial
—
| APM avg | 30.9 |
| APM peak | 75 |
| eAPM avg | 16.0 |
| Villagers / military | 89 / 115 |
Focus
⚔️ 37.3% · 🌾 62.7%
Spearman ×72 · Knight ×25 · Monk ×10 · Leitis ×7 · Scout Cavalry ×1
Feudal
—
Castle
—
Imperial
—
| APM avg | 45.2 |
| APM peak | 106 |
| eAPM avg | 18.2 |
| Villagers / military | 104 / 95 |
Focus
⚔️ 32.9% · 🌾 67.1%
Camel Scout ×46 · Scout Cavalry ×38 · Monk ×8 · Steppe Lancer ×2 · Trebuchet (Packed) ×1
Match map
Initial resources + every placement click. Lines = walls · curves = elevation contours. ◆ gold · ⬟ stone · ● berries · ✦ relic · ◌ wall gap
Your base· ✓ Closed at 21:47 · 29t walls · 1 gate(s)
Ares2809's base· ✓ Closed at 19:36 · 36t walls · 1 gate(s)
Smoothed initial terrain · ◌ = detected wall gap · hover for details
Inputs per minute
— The_Bluffalo - - Ares2809
Build order — The_Bluffalo
First 150 of 291 actions detected
| 0:01 | Queue | Villager (Male) |
| 0:01 | Queue | Villager (Male) |
| 0:01 | Queue | Villager (Male) |
| 0:02 | Build | House |
| 0:04 | Build | House |
| 0:29 | Queue | Villager (Male) |
| 0:29 | Queue | Villager (Male) |
| 0:31 | Queue | Villager (Male) |
| 1:47 | Build | Lumber Camp |
| 1:48 | Queue | Villager (Male) |
| 2:04 | Queue | Villager (Male) |
| 2:20 | Queue | Villager (Male) |
| 2:20 | Queue | Villager (Male) |
| 2:51 | Queue | Villager (Male) |
| 3:12 | Queue | Villager (Male) |
| 4:00 | Build | House |
| 4:04 | Build | Palisade Wall |
| 4:34 | Queue | Villager (Male) |
| 4:35 | Queue | Villager (Male) |
| 4:40 | Build | Mill |
| 4:53 | Queue | Villager (Male) |
| 5:54 | Queue | Villager (Male) |
| 6:02 | Queue | Villager (Male) |
| 6:50 | Research | Feudal Age |
| 6:57 | Build | Mill |
| 7:59 | Build | House |
| 8:53 | Build | Barracks |
| 9:00 | Age | Feudal Age |
| 9:04 | Research | Loom |
| 9:05 | Queue | Villager (Male) |
| 9:15 | Build | Farm |
| 9:17 | Build | Farm |
| 9:19 | Queue | Villager (Male) |
| 9:47 | Build | Palisade Wall |
| 10:04 | Build | Palisade Wall |
| 10:05 | Build | Palisade Wall |
| 10:14 | Queue | Spearman |
| 10:24 | Build | House |
| 10:42 | Build | Farm |
| 10:46 | Build | Palisade Wall |
| 10:52 | Build | House |
| 10:56 | Queue | Spearman |
| 11:05 | Queue | Villager (Male) |
| 11:26 | Queue | Villager (Male) |
| 11:35 | Queue | Villager (Male) |
| 11:41 | Build | Palisade Wall |
| 11:46 | Build | Farm |
| 12:03 | Queue | Villager (Male) |
| 12:06 | Build | Farm |
| 12:08 | Build | Farm |
| 12:16 | Build | Palisade Wall |
| 12:25 | Queue | Villager (Male) |
| 12:58 | Queue | Villager (Male) |
| 13:12 | Build | Farm |
| 13:22 | Build | Stable |
| 13:27 | Queue | Villager (Male) |
| 13:34 | Queue | Spearman |
| 13:42 | Queue | Villager (Male) |
| 13:45 | Build | Farm |
| 14:01 | Queue | Villager (Male) |
| 14:09 | Build | House |
| 14:12 | Build | House |
| 14:13 | Queue | Villager (Male) |
| 14:18 | Build | House |
| 14:57 | Build | Farm |
| 14:58 | Queue | Villager (Male) |
| 15:03 | Build | Mining Camp |
| 15:16 | Queue | Villager (Male) |
| 15:24 | Build | Farm |
| 15:29 | Build | Farm |
| 15:43 | Build | Farm |
| 15:51 | Queue | Scout Cavalry |
| 16:20 | Build | Palisade Wall |
| 16:22 | Build | Palisade Wall |
| 16:24 | Build | Palisade Wall |
| 16:25 | Build | Palisade Wall |
| 16:26 | Build | Palisade Wall |
| 16:28 | Build | House |
| 16:30 | Build | Palisade Wall |
| 16:33 | Build | House |
| 16:35 | Build | Palisade Wall |
| 17:16 | Build | Farm |
| 17:16 | Build | Farm |
| 18:17 | Queue | Villager (Male) |
| 18:25 | Build | Blacksmith |
| 18:32 | Queue | Villager (Male) |
| 19:02 | Build | Palisade Gate |
| 19:05 | Research | Castle Age |
| 19:12 | Build | Stable |
| 19:20 | Build | Farm |
| 19:25 | Research | Gold Mining |
| 20:38 | Build | Farm |
| 20:40 | Research | Horse Collar |
| 20:44 | Research | Bloodlines |
| 21:03 | Build | Farm |
| 21:47 | Age | Castle Age |
| 21:49 | Build | Monastery |
| 21:51 | Queue | Knight |
| 21:51 | Queue | Knight |
| 21:52 | Queue | Knight |
| 21:52 | Queue | Knight |
| 21:55 | Queue | Villager (Male) |
| 21:55 | Queue | Villager (Male) |
| 22:00 | Research | Double-Bit Axe |
| 22:07 | Build | Farm |
| 22:08 | Build | Farm |
| 22:11 | Queue | Villager (Male) |
| 22:24 | Queue | Monk |
| 22:25 | Queue | Monk |
| 22:36 | Research | Forging |
| 22:37 | Research | Scale Barding Armor |
| 23:04 | Queue | Villager (Male) |
| 23:16 | Research | Husbandry |
| 23:18 | Queue | Villager (Male) |
| 23:18 | Queue | Villager (Male) |
| 23:38 | Queue | Villager (Male) |
| 23:38 | Queue | Villager (Male) |
| 23:46 | Build | Town Center |
| 24:01 | Queue | Villager (Male) |
| 24:02 | Queue | Knight ×4 |
| 24:03 | Queue | Knight ×4 |
| 24:04 | Queue | Villager (Male) |
| 24:26 | Queue | Knight |
| 24:26 | Queue | Knight |
| 24:43 | Queue | Monk |
| 24:48 | Queue | Villager (Male) |
| 25:12 | Research | Wheelbarrow |
| 25:13 | Queue | Villager (Male) |
| 25:13 | Queue | Villager (Male) |
| 25:26 | Queue | Villager (Male) |
| 25:37 | Queue | Villager (Male) |
| 25:38 | Queue | Villager (Male) |
| 25:46 | Queue | Monk |
| 25:48 | Queue | Knight |
| 25:48 | Queue | Knight |
| 26:07 | Queue | Villager (Male) |
| 26:07 | Queue | Villager (Male) |
| 26:24 | Queue | Villager (Male) |
| 26:24 | Queue | Villager (Male) |
| 26:24 | Queue | Villager (Male) |
| 26:28 | Research | Sanctity |
| 26:47 | Build | Farm |
| 26:48 | Build | Farm |
| 26:51 | Build | Farm |
| 26:52 | Queue | Villager (Male) |
| 27:21 | Queue | Villager (Male) |
| 27:25 | Queue | Monk |
| 27:31 | Build | Farm |
| 27:32 | Build | Farm |
| 27:33 | Queue | Villager (Male) |
Build order — Ares2809
First 150 of 299 actions detected
| 0:03 | Queue | Villager (Male) |
| 0:03 | Queue | Villager (Male) |
| 0:03 | Queue | Villager (Male) |
| 0:03 | Queue | Villager (Male) |
| 0:04 | Queue | Villager (Male) |
| 0:05 | Build | House |
| 0:07 | Build | House |
| 1:31 | Queue | Villager (Male) |
| 1:31 | Queue | Villager (Male) |
| 1:59 | Build | Lumber Camp |
| 2:07 | Queue | Villager (Male) |
| 2:23 | Queue | Villager (Male) |
| 2:23 | Queue | Villager (Male) |
| 3:17 | Queue | Villager (Male) |
| 3:26 | Queue | Villager (Male) |
| 3:53 | Queue | Villager (Male) |
| 3:54 | Queue | Villager (Male) |
| 4:13 | Build | House |
| 4:38 | Queue | Villager (Male) |
| 5:17 | Queue | Villager (Male) |
| 5:32 | Build | Mill |
| 5:47 | Queue | Villager (Male) |
| 6:09 | Queue | Villager (Male) |
| 6:09 | Queue | Villager (Male) |
| 6:11 | Research | Loom |
| 7:44 | Research | Feudal Age |
| 7:57 | Build | Barracks |
| 8:13 | Build | House |
| 9:55 | Build | Stable |
| 9:56 | Queue | Villager (Male) |
| 9:57 | Research | Double-Bit Axe |
| 10:00 | Build | House |
| 10:02 | Build | Palisade Wall |
| 10:18 | Queue | Villager (Male) |
| 10:27 | Build | Mill |
| 10:30 | Build | House |
| 10:39 | Queue | Scout Cavalry |
| 10:39 | Queue | Scout Cavalry |
| 10:46 | Build | Pasture |
| 10:51 | Queue | Villager (Male) |
| 10:56 | Build | Palisade Wall |
| 11:27 | Build | Pasture |
| 11:29 | Queue | Villager (Male) |
| 11:34 | Build | House |
| 11:47 | Build | Palisade Wall |
| 11:49 | Build | Palisade Wall |
| 12:01 | Queue | Scout Cavalry |
| 12:09 | Build | Palisade Wall |
| 12:12 | Build | Palisade Gate |
| 12:12 | Queue | Villager (Male) |
| 12:18 | Build | Pasture |
| 12:38 | Queue | Villager (Male) |
| 12:50 | Queue | Villager (Male) |
| 12:57 | Build | Blacksmith |
| 12:58 | Build | House |
| 13:12 | Queue | Villager (Male) |
| 13:25 | Build | Pasture |
| 13:30 | Queue | Scout Cavalry |
| 13:40 | Queue | Villager (Male) |
| 14:01 | Build | House |
| 14:03 | Build | Palisade Wall |
| 14:06 | Queue | Villager (Male) |
| 14:08 | Queue | Scout Cavalry |
| 14:15 | Build | Pasture |
| 14:26 | Build | Palisade Wall |
| 14:29 | Queue | Villager (Male) |
| 14:38 | Queue | Scout Cavalry |
| 14:45 | Build | Pasture |
| 14:54 | Queue | Villager (Male) |
| 15:02 | Build | Pasture |
| 15:04 | Research | Forging |
| 15:17 | Queue | Villager (Male) |
| 15:38 | Queue | Villager (Male) |
| 15:41 | Build | Pasture |
| 15:55 | Queue | Villager (Male) |
| 16:24 | Queue | Villager (Male) |
| 16:53 | Queue | Villager (Male) |
| 16:58 | Build | Pasture |
| 17:02 | Build | Mining Camp |
| 17:12 | Queue | Villager (Male) |
| 17:30 | Queue | Villager (Male) |
| 17:34 | Build | Pasture |
| 17:47 | Queue | Villager (Male) |
| 18:13 | Queue | Villager (Male) |
| 18:31 | Build | Stable |
| 18:36 | Research | Gold Mining |
| 18:45 | Queue | Villager (Male) |
| 19:05 | Build | Lumber Camp |
| 19:36 | Research | Castle Age |
| 19:36 | Research | Castle Age |
| 19:44 | Research | Tech 1014 |
| 19:52 | Research | Scale Barding Armor |
| 20:30 | Queue | Scout Cavalry |
| 20:30 | Queue | Scout Cavalry |
| 20:34 | Build | Pasture |
| 20:59 | Build | Pasture |
| 21:03 | Queue | Scout Cavalry |
| 21:03 | Queue | Scout Cavalry |
| 21:35 | Queue | Scout Cavalry |
| 21:35 | Queue | Scout Cavalry |
| 21:49 | Build | Stable |
| 21:59 | Queue | Villager (Male) |
| 22:19 | Research | Iron Casting |
| 22:21 | Research | Light Cavalry (upgrade) |
| 22:21 | Queue | Villager (Male) |
| 22:36 | Queue | Villager (Male) |
| 22:59 | Queue | Scout Cavalry |
| 22:59 | Queue | Scout Cavalry |
| 23:01 | Queue | Steppe Lancer |
| 23:01 | Queue | Steppe Lancer |
| 23:12 | Queue | Camel Scout |
| 23:12 | Queue | Camel Scout |
| 23:17 | Build | House |
| 23:17 | Build | House |
| 23:35 | Research | Husbandry |
| 23:44 | Queue | Villager (Male) |
| 24:05 | Research | Chain Barding Armor |
| 24:15 | Build | Monastery |
| 24:17 | Queue | Villager (Male) |
| 24:34 | Queue | Villager (Male) |
| 24:41 | Queue | Scout Cavalry |
| 24:41 | Queue | Scout Cavalry |
| 24:47 | Build | Monastery |
| 24:50 | Queue | Villager (Male) |
| 25:07 | Queue | Villager (Male) |
| 25:12 | Build | House |
| 25:21 | Queue | Camel Scout |
| 25:26 | Queue | Monk |
| 25:43 | Queue | Villager (Male) |
| 25:57 | Queue | Monk |
| 26:02 | Queue | Camel Scout |
| 26:16 | Queue | Villager (Male) |
| 26:18 | Research | Bow Saw |
| 26:24 | Queue | Scout Cavalry |
| 26:25 | Queue | Scout Cavalry |
| 26:25 | Queue | Scout Cavalry |
| 26:25 | Queue | Scout Cavalry |
| 26:48 | Queue | Camel Scout |
| 26:57 | Build | House |
| 26:58 | Build | House |
| 27:08 | Queue | Camel Scout |
| 27:08 | Queue | Camel Scout |
| 27:23 | Queue | Camel Scout |
| 27:23 | Queue | Camel Scout |
| 27:27 | Queue | Villager (Male) |
| 27:42 | Build | House |
| 27:44 | Queue | Villager (Male) |
| 27:48 | Queue | Camel Scout |
| 27:48 | Queue | Camel Scout |
| 27:59 | Queue | Villager (Male) |
Match timeline
| 4:04 | The_Bluffalo · wall_segment Palisade Wall x1 |
| 7:57 | Ares2809 · first_building Barracks |
| 8:53 | The_Bluffalo · first_building Barracks |
| 9:00 | The_Bluffalo · age_up feudal |
| 9:47 | The_Bluffalo · wall_segment Palisade Wall x9 |
| 9:55 | Ares2809 · first_building Stable |
| 10:02 | Ares2809 · wall_segment Palisade Wall x5 |
| 10:04 | The_Bluffalo · wall_segment Palisade Wall x1 |
| 10:05 | The_Bluffalo · wall_segment Palisade Wall x1 |
| 10:46 | The_Bluffalo · wall_segment Palisade Wall x1 |
| 10:56 | Ares2809 · wall_segment Palisade Wall x4 |
| 11:41 | The_Bluffalo · wall_segment Palisade Wall x2 |
| 11:47 | Ares2809 · wall_segment Palisade Wall x10 |
| 11:49 | Ares2809 · wall_segment Palisade Wall x5 |
| 12:09 | Ares2809 · wall_segment Palisade Wall x5 |
| 12:16 | The_Bluffalo · wall_segment Palisade Wall x7 |
| 13:22 | The_Bluffalo · first_building Stable |
| 14:03 | Ares2809 · wall_segment Palisade Wall x5 |
| 14:26 | Ares2809 · wall_segment Palisade Wall x4 |
| 16:20 | The_Bluffalo · wall_segment Palisade Wall x1 |
| 16:22 | The_Bluffalo · wall_segment Palisade Wall x1 |
| 16:24 | The_Bluffalo · wall_segment Palisade Wall x1 |
| 16:25 | The_Bluffalo · wall_segment Palisade Wall x1 |
| 16:26 | The_Bluffalo · wall_segment Palisade Wall x1 |
| 16:30 | The_Bluffalo · wall_segment Palisade Wall x1 |
| 16:35 | The_Bluffalo · wall_segment Palisade Wall x1 |
| 21:47 | The_Bluffalo · age_up castle |
| 21:49 | The_Bluffalo · first_building Monastery |
| 24:15 | Ares2809 · first_building Monastery |
| 33:40 | The_Bluffalo · first_building Castle |
| 34:14 | The_Bluffalo · wall_segment Palisade Wall x1 |
| 36:17 | The_Bluffalo · wall_segment Palisade Wall x1 |
| 38:04 | Ares2809 · first_market_buy 100 stone |
| 38:08 | Ares2809 · first_building Castle |
| 38:14 | The_Bluffalo · first_market_buy 100 food |
| 39:33 | Ares2809 · first_building Archery Range |
| 40:15 | Ares2809 · wall_segment Palisade Wall x1 |
| 42:08 | The_Bluffalo · wall_segment Palisade Wall x1 |
| 42:09 | The_Bluffalo · wall_segment Palisade Wall x1 |
| 42:13 | The_Bluffalo · wall_segment Palisade Wall x1 |
| 42:40 | The_Bluffalo · resign |
[ AI ANALYSIS · 1 CREDIT ]
What really happened in this match?
Wolo.gg analyzes every decision: build order, eco, micro, common mistakes by bracket. Personalized analysis on WhatsApp or Discord in 30 seconds.
Civ guide
Lithuanians
Perfil
Jugador #5864208